 Dungeon Crawl Stone Soup version 0.28.0 (webtiles) character file.

Game seed: 12880755385616013970

2918 croobank the Firebug (level 9, 0/55 HPs)
             Began as a Black Draconian Fire Elementalist on Feb 11, 2022.
             Was a Follower of Hepliaklqana.
             Slain by a two-headed ogre (12 damage)
             ... on level 8 of the Dungeon.
             The game lasted 00:39:12 (7816 turns).

croobank the Firebug (DrFE)                         Turns: 7816, Time: 00:39:13

Health: 0/55       AC: 11    Str: 10    XL:     9   Next: 50%
Magic:  12/17      EV: 13    Int: 21    God:    Hepliaklqana [*.....]
Gold:   406        SH:  0    Dex: 11    Spells: 1/19 levels left

rFire   . . .      SeeInvis .   a - +6 flail
rCold   . . .      Faith    .   (no shield)
rNeg    . . .      Spirit   .   (armour unavailable)
rPois   .          Reflect  .   E - +0 hat
rElec   +          Harm     .   o - +1 cloak
rCorr   .          Rampage  .   w - +0 pair of gloves
Will    .....                   D - +0 pair of boots
Stlth   +++.......              v - amulet of regeneration
HPRegen 0.98/turn               (no ring)
MPRegen 0.15/turn               (no ring)

@: short of breath
A: reduced essence, breathe lightning, AC +7, unfitting armour, electricity
resistance, cold-blooded
a: Breathe Lightning, Renounce Religion, Recall Ancestor, Ancestor Identity


You were on level 8 of the Dungeon.
You worshipped Hepliaklqana.
Hepliaklqana was aware of your devotion.
You visited 2 branches of the dungeon, and saw 9 of its levels.
You also visited: Bailey.

You collected 406 gold pieces.

Inventory:

Hand Weapons
 a - a +6 flail (weapon)
 b - a +0 hunting sling
 c - a +0 shortbow of flaming
 l - a +0 war axe
 p - a +2 dagger of pain
 F - a +3 dire flail of freezing
 H - a +2 short sword
Missiles
 e - 33 sling bullets
 f - 113 arrows
 j - 300 stones
 m - 8 poisoned darts
 u - 23 bolts
 x - 5 curare-tipped darts
Armour
 o - a +1 cloak (worn)
 w - a +0 pair of gloves (worn)
 D - a +0 pair of boots (worn)
 E - a +0 hat (worn)
Magical Staves
 G - a staff of fire
Jewellery
 d - an amulet of guardian spirit
 v - an amulet of regeneration (around neck)
 C - an amulet of the acrobat
Wands
 i - a wand of flame (41)
 n - a wand of charming (1)
 q - a wand of mindburst (16)
Scrolls
 h - 4 scrolls of teleportation
 k - 3 scrolls of amnesia
Potions
 g - 2 potions of heal wounds {unknown}
 r - 5 potions of magic
 s - a potion of lignification
 t - a potion of flight {unknown}
 z - a potion of curing
 A - a potion of might


   Skills:
 + Level 5.6 Dodging
 + Level 6.0 Stealth
 + Level 5.7 Spellcasting
 + Level 5.8 Conjurations
 + Level 6.6 Fire Magic


You had one spell level left.
You knew the following spells:

 Your Spells              Type           Power      Damage    Failure   Level
a - Foxfire               Conj/Fire      100%       2x1d9     1%          1
b - Scorch                Fire           68%        2d8       1%          2
c - Flame Wave            Conj/Fire      32%        2d8       8%          4
d - Ensorcelled Hibernat  Hex/Ice        12%        N/A       16%         2
e - Poisonous Vapours     Pois/Air       12%        N/A       16%         2
f - Mephitic Cloud        Conj/Pois/Air  14%        N/A       14%         3
g - Conjure Flame         Conj/Fire      32%        6-21      2%          3
h - Slow                  Hex            24%        N/A       10%         1

Your spell library contained the following spells:

 Spells                   Type           Power      Damage    Failure   Level
 Magic Dart               Conj           100%       1d8       1%          1
 Inner Flame              Hex/Fire       20%        N/A       8%          3
 Call Imp                 Summ           6%         N/A       16%         2
 Corpse Rot               Necr/Air       12%        N/A       16%         2
 Passwall                 Tmut/Erth      5%         N/A       16%         2
 Confusing Touch          Hex            6%         N/A       30%         3
 Frozen Ramparts          Ice            12%        1d3       30%         3
 Swiftness                Air            6%         N/A       30%         3
 Vampiric Draining        Necr           6%         2d6       30%         3
 Ice Form                 Ice/Tmut       6%         N/A       69%         4
 Summon Ice Beast         Ice/Summ       6%         N/A       69%         4


Dungeon Overview and Level Annotations

Branches:
Dungeon (8/15)             Temple (1/1) D:6          Bailey (visited)
   Lair: D:8-11

Altars:
Cheibriados
Elyvilon
Fedhas
Gozag
Hepliaklqana
Kikubaaqudgha
Makhleb
Qazlal
Sif Muna
Uskayaw
Vehumet
Wu Jian
Yredelemnul
The Shining One

Shops:
D:7 :

Annotations:
D:7 5 runed translucent doors, Menkaure
D:8 3 runed translucent doors, pkoi's ghost, novice DrCj


Innate Abilities, Weirdness & Mutations

Your life essence is reduced to manifest your ancestor. (-10% HP)
You can breathe wild blasts of lightning.
Your glossy black scales are hard. (AC +7)
You cannot fit into any form of body armour.
You are resistant to electric shocks. (rElec)
You are cold-blooded and may be slowed by cold attacks.


Message History

A two-headed ogre is nearby!
Casting: Scorch (safe; 1% risk of failure)
Confirm with . or Enter, or press ? or * to list all spells.
You conjure some foxfire!
The foxfire hits the two-headed ogre.
The two-headed ogre is lightly wounded.
Casting: Foxfire (safe; 1% risk of failure)
Confirm with . or Enter, or press ? or * to list all spells.
Flames lash the two-headed ogre.
The two-headed ogre is lightly wounded.
The two-headed ogre's fire resistance burns away.
The foxfire hits the two-headed ogre.
The two-headed ogre is lightly wounded.
Casting: Scorch (safe; 1% risk of failure)
Confirm with . or Enter, or press ? or * to list all spells.
Flames lash the two-headed ogre.
The two-headed ogre is burned terribly!
The two-headed ogre is moderately wounded.
The two-headed ogre hits Yamquzzuhalamma with a +0 giant spiked club!!
The two-headed ogre hits Yamquzzuhalamma with a +0 giant club!
Yamquzzuhalamma is destroyed!
Activating: Breathe Lightning (4% risk of failure)
Press: ? - help, Dir - look around, f - activate You fail to use your ability.
Activating: Breathe Lightning (4% risk of failure)
Press: ? - help, Dir - look around, f - activate You breathe a wild blast of lightning!
The orb of electricity explodes!
The orb of electricity engulfs you. You resist.
You hear a mighty clap of thunder!
The orb of electricity explodes!
The orb of electricity engulfs the two-headed ogre!!
The two-headed ogre is almost dead.
The orb of electricity engulfs you. You resist.
The orb of electricity explodes!
The orb of electricity engulfs you! You resist.
You hear an angry hiss.
The two-headed ogre hits you with a +0 giant spiked club!!
Ouch! That really hurt!
* * * LOW HITPOINT WARNING * * *
The two-headed ogre hits you with a +0 giant club!
You die...

.###.## ####..## .
#....### ..# ###.##...#
..# .........###..#
..............#
+++###..#...######
.WZ..#..#..###>..#
.....#......##..@####..#
#.##W#...........O......
#.##Z#...#..##...####.##
#W##.#..###..#####
((o..#...##...##
.....#...#.....##
######..........#
........#.......##
........#...)....#


You could see a two-headed ogre (combustible).

Vanquished Creatures
  2 wyverns
  2 humans (D:7)
  A basilisk (D:8)
  A steam dragon (D:7)
  2 black bears
  2 ice beasts
  A sky beast (D:6)
  An ogre (D:5)
  2 centaurs
  A kobold brigand (D:7)
  3 bullfrogs
  A water moccasin skeleton (D:3)
  3 wights
  A bullfrog zombie (D:5)
  3 hounds
  A jelly (D:5)
  A centaur skeleton (D:6)
  Terence (D:3)
  An iguana (D:6)
  An orc wizard (D:3)
  2 killer bee zombies
  A howler monkey zombie (D:7)
  Robin (D:2)
  5 adders
  11 gnolls
  A shadow imp (D:5)
  2 dart slugs
  12 orcs
  5 bats
  An endoplasm (D:2)
  A giant cockroach (D:5)
  11 goblins
  7 hobgoblins
  5 quokkas
  6 ball pythons
  2 frilled lizards
  9 kobolds
  A quokka skeleton (D:4)
  5 rats
119 creatures vanquished.

Vanquished Creatures (collateral kills)
  A cyclops (D:8)
  A kobold brigand (D:8)
  A kobold (D:8)
  A foxfire (D:6)
4 creatures vanquished.

Vanquished Creatures (others)
  2 ancestors (D:8)
  163 foxfires
  7 toadstools (D:1)
172 creatures vanquished.

Grand Total: 295 creatures vanquished

Notes
Turn   | Place    | Note
-------+----------+-------------------------------------------
     0 | D:1      | croobank the Draconian Fire Elementalist began the quest
                  | for the Orb.
     0 | D:1      | Reached XP level 1. HP: 14/14 MP: 3/3
   278 | D:1      | Reached XP level 2. HP: 20/20 MP: 3/5
   998 | D:1      | Reached XP level 3. HP: 15/26 MP: 0/6
  1372 | D:1      | Found a faded altar of an unknown god.
  1544 | D:2      | Learned a level 2 spell: Scorch
  1564 | D:2      | Noticed Robin
  2051 | D:2      | Killed Robin
  2158 | D:2      | Found a white marble altar of Elyvilon.
  2227 | D:2      | Reached XP level 4. HP: 33/33 MP: 3/7
  2277 | D:2      | Learned a level 4 spell: Flame Wave
  2289 | D:2      | You fall into a shaft and drop 2 floors!
  2610 | D:3      | Reached XP level 5. HP: 34/38 MP: 3/9
  3440 | D:3      | Noticed Terence
  3462 | D:3      | Killed Terence
  4236 | D:4      | Reached XP level 6. HP: 45/45 MP: 2/10
  4240 | D:5      | Entered Level 5 of the Dungeon
  4295 | D:5      | Found an ancient bone altar of Kikubaaqudgha.
  4299 | D:5      | Noticed a wyvern
  4303 | D:5      | Killed a wyvern
  4684 | D:5      | Found a burning altar of Makhleb.
  4691 | D:5      | Found a hide-covered altar of Uskayaw.
  4729 | D:5      | Your scales start taking on a glossy black colour.
  4729 | D:5      | Reached XP level 7. HP: 50/50 MP: 7/12
  4729 | D:5      | Gained mutation: You are resistant to electric shocks.
                  | (rElec) [Black Draconian growth]
  5085 | D:6      | Found a radiant altar of Vehumet.
  5320 | D:6      | Found a staircase to the Ecumenical Temple.
  5327 | D:6      | Reached skill level 5 in Fire Magic
  5330 | Temple   | Entered the Ecumenical Temple
  5337 | Temple   | Became a worshipper of Hepliaklqana the Forgotten
  5548 | D:5      | Reached XP level 8. HP: 51/57 MP: 7/14
  5698 | D:6      | Learned a level 2 spell: Ensorcelled Hibernation
  5769 | D:6      | Learned a level 2 spell: Poisonous Vapours
  6346 | D:7      | Reached skill level 5 in Stealth
  6381 | D:7      | Found Yxtu's Book Shop.
  6413 | D:7      | Found a flagged portal.
  6419 | D:7      | Learned a level 3 spell: Mephitic Cloud
  6426 | Bailey   | Entered a bailey
  6435 | Bailey   | Reached skill level 5 in Spellcasting
  6435 | Bailey   | Reached skill level 5 in Conjurations
  6482 | D:7      | Reached skill level 5 in Dodging
  6675 | D:7      | Reached XP level 9. HP: 62/62 MP: 8/16
  6783 | D:7      | Found a blossoming altar of Fedhas.
  6851 | D:7      | Found the +9 staff of Olgreb {rPois∞}
  6855 | D:7      | Found a runed translucent door.
  6874 | D:7      | Found a runed translucent door.
  6881 | D:7      | Noticed Menkaure
  6882 | D:7      | Found a runed translucent gate.
  6882 | D:7      | Found a runed translucent gate.
  6895 | D:7      | Found a runed translucent gate.
  6951 | D:7      | Reached * piety under Hepliaklqana
  7229 | D:7      | Learned a level 3 spell: Conjure Flame
  7341 | D:8      | Noticed pkoi's ghost (novice DrCj)
  7347 | D:8      | Found a runed translucent gate.
  7347 | D:8      | Found a runed translucent gate.
  7348 | D:8      | Found a runed translucent gate.
  7470 | D:8      | Learned a level 1 spell: Slow
  7649 | D:8      | Noticed a cyclops
  7658 | D:8      | Killed a cyclops
  7809 | D:8      | Noticed a two-headed ogre
  7816 | D:8      | Slain by a two-headed ogre

Illustrated notes

Levels and vault maps discovered:
D:1:      nagdon_arrival_double_spiral, layout_basic,
          ebering_ecumenical_altar_sacrificial, minmay_misc_feat_x
D:2:      layout_loops_ring, basic_altar, uniq_robin
D:3:      layout_basic, uniq_terence
D:4:      layout_cave_pools, lightli_ossuary_entry_decrepit_ruins,
          nrook_loot_triangle, uniq_duvessa
D:5:      layout_loops_ring, kiku_gazebo_garden_becter,
          mainiacjoe_overflow_big_doors
D:6:      layout_rooms, mainiacjoe_overflow_brackets,
          minmay_temple_entry_enclosed_plants
D:7:      layout_cave_pools, mainiacjoe_overflow_paths, serial_shops,
          shop_statue, enter_bailey_2, minmay_guarded_unrand_staff_of_olgreb,
          uniq_menkaure
D:8:      layout_rooms, gammafunk_ghost_split,
          hangedman_abyss_or_decor_jellyfish_corner, minivault_23,
          minmay_three_doors
Temple:   eino_temple_rhombus

Skill      XL: |  1  2  3  4  5  6  7  8  9 |
---------------+----------------------------+-----
Stealth        | 2 3 4 5 6 |  6.0
Dodging        | 2 3 4 5 |  5.6
Conjurations   | 2 3 4 5 |  5.8
Spellcasting   | 3 4 5 |  5.7
Fire Magic     | 4 5 6 |  6.6

Action                   |  1- 3 |  4- 6 |  7- 9 || total
-------------------------+-------+-------+-------++-------
Melee: Whip              |    37 |       |       ||    37
       Tailslap          |     4 |     5 |     5 ||    14
       Unarmed           |     2 |       |       ||     2
       Staff             |     3 |    69 |    45 ||   117
       Punch             |       |     1 |       ||     1
       Flail             |       |       |     4 ||     4
 Cast: Foxfire           |    23 |    31 |    44 ||    98
       Scorch            |    10 |    33 |    78 ||   121
       Conjure Flame     |       |       |     2 ||     2
       Flame Wave        |       |       |     1 ||     1
 Abil: Breathe Lightning |       |       |     3 ||     3
Evoke: Wand              |       |       |     1 ||     1
  Use: Scroll            |     2 |       |    13 ||    15
       Potion            |       |     4 |     3 ||     7
 Stab: Sleeping          |     2 |       |       ||     2
Armor: Skin              |    13 |    19 |    89 ||   121
Dodge: Dodged            |    38 |    53 |   110 ||   201
